 Dungeon Crawl Stone Soup version 0.29-a0-1033-gb6c65ffae6 (webtiles) character file.

Game seed: 6162447026092717278

19 Manisian the Sneak (level 2, 22/22 HPs)
             Began as a Naga Hedge Wizard on Aug 14, 2022.
             Quit the game on level 1 of the Dungeon.
             The game lasted 00:01:57 (962 turns).

Manisian the Sneak (Naga Hedge Wizard)               Turns: 962, Time: 00:01:57

Health: 22/22      AC:  1    Str: 18    XL:     2   Next: 75%
Magic:  6/6        EV: 10    Int: 14    God:
Gold:   21         SH:  0    Dex: 10    Spells: 5/7 levels left

rFire   . . .      SeeInvis +   a - +0 dagger
rCold   . . .      Faith    .   (no shield)
rNeg    . . .      Spirit   .   b - +0 robe
rPois   +          Reflect  .   c - +0 hat
rElec   .          Harm     .   (no cloak)
rCorr   .          Rampage  .   (no gloves)
Will    .....                   (no barding)
Stlth   ++........              (no amulet)
HPRegen 0.07/turn               g - +6 ring of strength
MPRegen 0.10/turn               (no ring)

@: weak-willed, very slow
A: AC +0, large, see invisible, deformed body, poison resistance, slowness 2,
spit poison 1, naga tail 1
a: Spit Poison


You were on level 1 of the Dungeon.
You visited 1 branch of the dungeon, and saw 1 of its levels.

You collected 21 gold pieces.

Inventory:

Hand Weapons
 a - a +0 dagger (weapon)
Armour
 b - a +0 robe (worn)
 c - a +0 hat (worn)
Jewellery
 g - a +6 ring of strength (left hand)
Scrolls
 e - a scroll of teleportation
Potions
 d - a potion of magic
 f - a potion of curing
 i - a potion of ambrosia {unknown}


   Skills:
 + Level 2.0 Dodging
 + Level 3.4 Stealth
 + Level 3.2 Spellcasting
 + Level 1.2 Conjurations
 + Level 0.2 Hexes
 + Level 1.0 Summonings
 + Level 1.0 Translocations


You had 5 spell levels left.
You knew the following spells:

 Your Spells              Type           Power      Damage    Failure   Level
a - Magic Dart            Conj           20%        1d4       13%         1
b - Slow                  Hex            8%         N/A       19%         1

Your spell library contained the following spells:

 Spells                   Type           Power      Damage    Failure   Level
 Blink                    Tloc           10%        N/A       22%         2
 Call Imp                 Summ           5%         N/A       22%         2
 Conjure Flame            Conj/Fire      3%         6-21      43%         3
 Mephitic Cloud           Conj/Pois/Air  3%         N/A       47%         3


Dungeon Overview and Level Annotations

Branches:
Dungeon (1/15)

Altars:


Innate Abilities, Weirdness & Mutations

Your serpentine skin is tough. (AC +0)
You have supernaturally acute eyesight. (SInv)
Armour fits poorly on your strangely shaped body.
Your system is resistant to poisons. (rPois)
You cover ground very slowly.
You can spit poison.
You have a snake-like lower body.


Message History

Confirm with . or Enter, or press ? or * to list all spells.
Aiming: Magic Dart (safe; 13% risk of failure)
Press: ? - help, Shift-Dir - straight line, f - goblin
Aim: a goblin, wielding a +0 dagger (100% to hit)
The magic dart hits the goblin.
The goblin is severely wounded.
Casting: Magic Dart (safe; 13% risk of failure)
Confirm with . or Enter, or press ? or * to list all spells.
Aiming: Magic Dart (safe; 13% risk of failure)
Press: ? - help, Shift-Dir - straight line, f/p - goblin
Aim: a goblin, wielding a +0 dagger (severely wounded, 100% to hit)
The magic dart hits the goblin.
You kill the goblin!
You see here a +0 dagger.
Done exploring.
Done exploring.
Done exploring.
Done exploring.
As you read the scroll labelled VALANO PUTY, it crumbles to dust.
You feel strangely unstable.
It was a scroll of teleportation.
The air fills with toxic fumes!
As you read the scroll labelled DYCHEIGYUK, it crumbles to dust.
It was a scroll of poison.
Blink to where?
Press: ? - help, Dir - move target, f - you Are you sure you want to cancel this blink? [Y]es or [N]o only, please.
Are you sure you want to cancel this blink? [Y]es or [N]o only, please.
Are you sure you want to cancel this blink?
Okay, then.
As you read the scroll labelled BIUDOA AQEOZXO, it crumbles to dust.
It was a scroll of blinking.
As you read the scroll labelled CAYDGHE LISI, it crumbles to dust.
Magic quickly surges around you.
It was a scroll of vulnerability.
Your surroundings suddenly seem different.
As you read the scroll labelled ZAJYBR TEUCETAEMM, it crumbles to dust.
It is a scroll of identify.
f - a potion of curing Are you sure you want to abandon this character and quit the game? (Confirm with "yes".)

########## #........#
### #.######.####.##
#.# #.......# #.#
######@## ###.# #.#
#...# #.# ##.### #.#
##.#############.#
...............#.######
.........###.#.#......#
##..###.## #.#..#####.#
##..# #.####.##.# #.#


There were no monsters in sight!

Vanquished Creatures
  3 ball pythons (D:1)
  An endoplasm (D:1)
  3 goblins (D:1)
  A hobgoblin (D:1)
  4 kobolds (D:1)
  A quokka (D:1)
  2 bats (D:1)
  2 rats (D:1)
17 creatures vanquished.

Notes
Turn   | Place    | Note
-------+----------+-------------------------------------------
     0 | D:1      | Manisian the Naga Hedge Wizard began the quest for the Orb.
     0 | D:1      | Reached XP level 1. HP: 15/15 MP: 4/4
    54 | D:1      | Learned a level 1 spell: Slow
   281 | D:1      | Reached XP level 2. HP: 22/22 MP: 3/6
   740 | D:1      | Found a faded altar of an unknown god.
   962 | D:1      | Quit the game

Illustrated notes

Levels and vault maps discovered:
D:1:      dpeg_arrival_tiny_g, layout_loops_ring,
          hellmonk_ecumenical_altar_leap_of_faith

Skill      XL: |  1  2 |
---------------+-------+-----
Dodging        | 2 |  2.0
Stealth        | |  3.4
Spellcasting   | |  3.2
Conjurations   | |  1.2
Hexes          | |  0.2
Summonings     | |  1.0
Translocations | |  1.0

Action                   || total
-------------------------++-------
Melee: Dagger            ||     5
       Punch             ||     1
 Cast: Magic Dart        ||    31
       Slow              ||     2
  Use: Scroll            ||     5
Armor: Robe              ||     1
Dodge: Dodged            ||     2

Table legend: (Time is in decaauts)
 A = Elapsed time spent in this place.
 B = Non-inter-level travel time spent in this place.
 C = Inter-level travel time spent in this place.
 D = Time resting spent in this place.
 E = Time spent auto-exploring this place.
 F = Levels seen in this place.
 G = Mean time per level.
                   A        B        C        D        E       F      G
               +--------+--------+--------+--------+--------+-----+--------+
         Total |   1174 |   1174 |      0 |      0 |   1063 |   1 | 1174.0 |
       Dungeon |   1174 |   1174 |      0 |      0 |   1063 |   1 | 1174.0 |
               +--------+--------+--------+--------+--------+-----+--------+

Top non-repeatable levels by time:
     D:1: 1174 daAuts
